[Event "Early-Titled-Tuesday-Blitz-February-27-2024"]
[Site "Chess.com"]
[Date "2024.02.27"]
[Round "2"]
[White "Chessbard1972"]
[Black "annacramling"]
[Result "1-0"]
[WhiteElo "2466"]
[BlackElo "2107"]
[TimeControl "180+1"]
[EndTime "8:16:42 PST"]
[Termination "Chessbard1972 won on time"]

1. d4 Nf6 2. c4 e6 3. Nf3 d5 4. Bg5 Be7 5. cxd5 exd5 6. Qc2 c6 7.
Nc3 O-O 8. e3 Bg4 9. Ne5 Bh5 10.
f4 Nbd7 11. Bd3 Ne4 12. Bxe7 Qxe7 13. Nxe4 dxe4 14. Bxe4 f5 15. Bd3 Nxe5 16. dxe5 Qh4+ 17. g3 Qh3 18. Bf1 Qg4 19. Bg2 Rad8 20. O-O Qe2 21.
Qxe2 Bxe2 22. Rf2 Bh5 23. e4 g6 24. Re1 Rd3 25. exf5 gxf5 26. Bf1 Rd4 27. Rc2 Kf7 28. Bc4+ Ke7 29. Kf2 Rfd8 30. Ke3 Re4+ 31. Kf2 Red4 32. Rec1 Rd2+ 33. Ke3 R2d4 34. Be2 Re4+ 35. Kf2 Rd7 36.
Bxh5 Rdd4 37. Bf3 1-0

[Event "Early-Titled-Tuesday-Blitz-February-27-2024"]
[Site "Chess.com"]
[Date "2024.02.27"]
[Round "2"]
[White "hmatyi07"]
[Black "guillembaches"]
[Result "1/2-1/2"]
[WhiteElo "2308"]
[BlackElo "2526"]
[TimeControl "180+1"]
[EndTime "8:16:44 PST"]
[Termination "Game drawn by repetition"]

1. e4 d5 2. exd5 Qxd5 3. Nc3 Qa5 4. Bc4 Nf6 5. d3 a6 6. Bd2 Qe5+ 7. Nge2 b5 8. Bb3 Bb7 9. Bf4 Qc5 10. f3 e5 11. Bg3 Nc6 12. Qd2 Be7 13. O-O-O O-O 14. Bh4 a5 15. Bxf6 Bxf6 16. Ng3 a4 17. Nge4 Qe7 18. Nd5 axb3 19. Nxe7+ Bxe7 20. cxb3 Rxa2 21. Qf2 Bb4 22. d4 Nxd4 23. Rxd4 exd4 24. Rd1 c5 25. Qg3 Bxe4 26. fxe4 Rfa8 27. e5 g6 28. e6 fxe6 29. Qd6 R8a6 30. Qd8+ Kg7 31. Qe7+ Kg8 32. Qe8+ Kg7 33.
Qe7+ Kg8 34. Qe8+ Kg7 35. Qe7+ 1/2-1/2

[Event "Early-Titled-Tuesday-Blitz-February-27-2024"]
[Site "Chess.com"]
[Date "2024.02.27"]
[Round "2"]
[White "Susal_De_Silva"]
[Black "stollenmonster"]
[Result "1-0"]
[WhiteElo "2613"]
[BlackElo "2875"]
[TimeControl "180+1"]
[EndTime "8:16:45 PST"]
[Termination "Susal_De_Silva won by resignation"]

1. e4 c5 2. Nf3 Nf6 3. e5 Nd5 4. c3 Nc6 5. Bc4 Nb6 6. Bb3 g6 7. d4 cxd4 8. cxd4 Bg7 9. O-O O-O 10. Re1 d6 11. Nc3 Bg4 12. exd6 Qxd6 13. Be3 e6 14. h3 Bxf3 15. Qxf3 Na5 16. Ne4 Qe7 17. Bg5 f6 18.
Nxf6+ Rxf6 19. Bxf6 Qxf6 20. Rxe6 Nxb3 21. Rxf6 Nxa1 22.
Rf7 Nc2 23. Qxb7 Bxd4 24. Rc7 Nb4 25. Rc4 Be5 26. Rxb4 Rd8 27. g3 Rd7 28. Rxb6 Rd1+ 29. Kg2 axb6 30. Qxb6 Kg7 31. a4 Rd2 32. b3 Bd4 33.
Qc7+ Kg8 34. Qf4 Bc3 35. Qc4+ 1-0

[Event "Early-Titled-Tuesday-Blitz-February-27-2024"]
[Site "Chess.com"]
[Date "2024.02.27"]
[Round "2"]
[White "Yerlan-Ra"]
[Black "Dewarfd"]
[Result "1-0"]
[WhiteElo "2478"]
[BlackElo "2150"]
[TimeControl "180+1"]
[EndTime "8:16:45 PST"]
[Termination "Yerlan-Ra won on time"]

1. e4 c5 2. c3 g6 3. d4 cxd4 4. cxd4 d5 5. Nc3 dxe4 6. Bc4 Bg7 7. Qb3 e6 8. d5 Qb6 9. dxe6 Bxe6 10. Bxe6 fxe6 11.
Qxb6 Bxc3+ 12. bxc3 axb6 13. Ne2 Nf6 14. Nd4 Kf7 15. O-O Nc6 16. Nb5 Rhd8 17. Be3 Rd3 18.
Bxb6 Nd5 19. Bd4 e5 20. c4 Nxd4 21. Nd6+ Ke6 22. Nxe4 Ne2+ 23. Kh1 Kf5 24. Nd6+ Ke6 25.
Ne4 Kf5 26. Nc5 Ndc3 27. Nxd3 e4 28. Nc5 b6 29. Nd7 Ra6 30. a4 Ke6 31. Nb8 1-0

[Event "Early-Titled-Tuesday-Blitz-February-27-2024"]
[Site "Chess.com"]
[Date "2024.02.27"]
[Round "2"]
[White "ilya2700"]
[Black "Rurep26"]
[Result "0-1"]
[WhiteElo "2371"]
[BlackElo "2704"]
[TimeControl "180+1"]
[EndTime "8:16:46 PST"]
[Termination "Rurep26 won on time"]

1. c4 e5 2. Nc3 Nf6 3. Nf3 Nc6 4. e3 Bb4 5. Nd5 Be7 6. d4 exd4 7. Nxd4 O-O 8. Be2 Nxd4 9. exd4 Nxd5 10. cxd5 Bb4+ 11. Bd2 Bd6 12. O-O Qh4 13. g3 Qxd4 14. Bc3 Qxd1 15. Raxd1 Re8 16. Rfe1 b6 17. Bb5 Rxe1+ 18. Rxe1 Bb7 19. Bxd7 Bxd5 20. a3 f6 21. h4 Kf7 22. h5 Bf3 23. Be6+ Kf8 24. h6 Re8 25. hxg7+ Kxg7 26. Re3 Bc6 27. g4 Bc5 28. Re1 h6 29. b4 Bd6 30. Kf1 Bb5+ 31. Kg1 Re7 32. Kg2 Bc6+ 33.
Kh3 Bd7 34. Bxd7 Rxd7 35. Re6 Be7 36. Kh4 Kf7 37. Re4 f5+ 38. Rxe7+ Kxe7 39. gxf5 Rd3 40.
Be5 c5 41. bxc5 bxc5 42. Kh5 Kf7 43. f4 c4 44. Kxh6 c3 0-1

[Event "Early-Titled-Tuesday-Blitz-February-27-2024"]
[Site "Chess.com"]
[Date "2024.02.27"]
[Round "2"]
[White "vishwa_vijeta"]
[Black "platy3"]
[Result "0-1"]
[WhiteElo "2611"]
[BlackElo "2946"]
[TimeControl "180+1"]
[EndTime "8:16:47 PST"]
[Termination "platy3 won by checkmate"]

1. e4 c5 2. Nf3 e6 3. d4 cxd4 4. Nxd4 Nc6 5. Nc3 Qc7 6. f4 a6 7. Be3 b5 8. Be2 Bb7 9. Nxc6 Bxc6 10. Bf3 d6 11. O-O Nf6 12. Re1 Be7 13. a3 O-O 14. Qd2 Rfd8 15. Rad1 d5 16. exd5 Nxd5 17. Nxd5 Bxd5 18.
Bxd5 Rxd5 19. Qe2 Rad8 20. Rxd5 Rxd5 21. Rd1 Rxd1+ 22. Qxd1 h6 23. g3 a5 24. Qd3 Qc6 25. Bd4 Qd5 26. Bc3 Bc5+ 27. Kf1 Qh1+ 28. Ke2 Qxh2+ 29.
Kf3 f5 30. Bd4 Bxd4 31. Qxd4 Qxc2 32. Qe5 Qc4 33. Kf2 Kf7 34. Kg1 b4 35. Qxa5 Qc1+ 36. Kh2 Qxb2+ 37. Kh3 bxa3 38. Qa7+ Kg6 39. Qe7 Qb3 40.
Qe8+ Kh7 41. Qa8 a2 42. Qa6 Qb1 43. g4 a1=Q 44. Qxe6 Qh1+ 45. Kg3 Qag1# 0-1

[Event "Early-Titled-Tuesday-Blitz-February-27-2024"]
[Site "Chess.com"]
[Date "2024.02.27"]
[Round "2"]
[White "jcibarra"]
[Black "Mikhail_Golubev"]
[Result "1-0"]
[WhiteElo "2953"]
[BlackElo "2616"]
[TimeControl "180+1"]
[EndTime "8:16:48 PST"]
[Termination "jcibarra won on time"]

1. e4 c5 2. Nf3 d6 3. c3 Nf6 4.
h3 g6 5. Bd3 Bg7 6. Bc2 O-O 7.
O-O Nc6 8. d4 cxd4 9. cxd4 e5 10. Nc3 exd4 11. Nxd4 Nxd4 12. Qxd4 Re8 13. Qb4 a5 14.
Qb5 Bd7 15. Qxb7 Rb8 16. Qa6 a4 17. a3 Qc7 18. Bg5 Rxb2 19. Bxf6 Bxf6 20. Nd5 Qd8 21. Bxa4 Bxa4 22. Qxa4 Bg7 23. Rac1 Re2 24. Rc4 Qb8 25. Rfc1 Rf8 26. Rc8 Qb2 27. Qa7 Bd4 28. Qe7 Re1+ 29. Kh2 1-0

[Event "Early-Titled-Tuesday-Blitz-February-27-2024"]
[Site "Chess.com"]
[Date "2024.02.27"]
[Round "2"]
[White "AlexPapasimakopoulos"]
[Black "ImportedItalianMaple"]
[Result "0-1"]
[WhiteElo "2752"]
[BlackElo "2556"]
[TimeControl "180+1"]
[EndTime "8:16:49 PST"]
[Termination "ImportedItalianMaple won by resignation"]

1. d4 g6 2. e4 Bg7 3. c4 d5 4.
cxd5 c6 5. dxc6 Nxc6 6. d5 Nd4 7.
Ne2 e5 8. Nbc3 Nf6 9. Nxd4 exd4 10. Bb5+ Bd7 11. Qxd4 O-O 12. O-O Bxb5 13. Nxb5 Re8 14. e5 Nxd5 15. f4 a6 16. Nc3 Nxc3 17. bxc3 Rc8 18. Be3 Qc7 19. Rac1 Red8 20. Qb6 Rd3 21. Qxc7 Rxc7 22. Bd4 Rd2 23. Rf2 Rxd4 24. cxd4 Rxc1+ 25. Rf1 Rxf1+ 26. Kxf1 Kf8 27. Ke2 Ke7 28. Kd3 Kd7 29. d5 Bf8 30. g4 Bc5 31. Ke4 b5 32. h4 a5 33. h5 a4 34. f5 b4 35. Kd3 b3 36. axb3 axb3 37. hxg6 hxg6 38. e6+ fxe6 39.
dxe6+ Ke7 40. Kc3 g5 41. Kxb3 Kd6 42. Kc4 Ba3 43. Kb5 Bb2 44. Kb6 Bf6 45. Kb7 Ke5 46.
Kc6 Kf4 47. Kd7 Kxg4 48. e7 Bxe7 49. Ke6 Kf4 50. Kxe7 Kxf5 51. Kd6 Kf4 52. Kd5 g4 53.
Kd4 Kf3 54. Kd3 g3 55. Kd2 Kf2 56. Kd3 g2 57. Ke4 g1=Q 58. Kf4 Qe1 0-1

[Event "Early-Titled-Tuesday-Blitz-February-27-2024"]
[Site "Chess.com"]
[Date "2024.02.27"]
[Round "2"]
[White "ErikRonka"]
[Black "conformalfunction"]
[Result "0-1"]
[WhiteElo "2559"]
[BlackElo "2384"]
[TimeControl "180+1"]
[EndTime "8:16:49 PST"]
[Termination "conformalfunction won by checkmate"]

1. e4 e6 2. d4 d5 3. Qe2 dxe4 4. Qxe4 Nf6 5. Qd3 Be7 6. Nc3 O-O 7. Bd2 Nc6 8. Nf3 Nb4 9. Qc4 Nxc2+ 10. Kd1 Nxa1 11.
Bd3 a6 12. Ke2 b5 13. Qc6 Rb8 14. Ne4 Bb7 15. Nxf6+ Bxf6 16. Qc1 Bxf3+ 17. gxf3 Bxd4 18. Qxa1 c5 19. Qb1 g6 20. h4 c4 21. Be4 Bg7 22.
h5 Qd6 23. Qg1 Rfd8 24. Bg5 Rd7 25. hxg6 hxg6 26. Qg2 Qe5 27. f4 Qxb2+ 28. Kf3 Qc3+ 29. Kg4 f5+ 30. Kh4 Kf7 31. Bf3 Rh8+ 32. Kg3 Rxh1 33. Qxh1 Rd3 34. Qh7 Rxf3+ 35. Kg2 Rd3 36. Bh6 Rd2 37. Kg1 Qd4 38. Kh1 Rd1+ 39. Kg2 Rd2 40.
Kh1 Qe4+ 41. Kg1 Qe1+ 42. Kh2 Qxf2+ 43. Kh3 Qg2+ 44. Kh4 Qg4# 0-1

[Event "Early-Titled-Tuesday-Blitz-February-27-2024"]
[Site "Chess.com"]
[Date "2024.02.27"]
[Round "2"]
[White "manitodeplomo"]
[Black "wonderfultime"]
[Result "0-1"]
[WhiteElo "2651"]
[BlackElo "3083"]
[TimeControl "180+1"]
[EndTime "8:16:50 PST"]
[Termination "wonderfultime won on time"]

1. d4 d5 2. c4 e6 3. Nf3 Nf6 4. Nc3 Nbd7 5. c5 c6 6. Bf4 Nh5 7. e3 Nxf4 8. exf4 g6 9. g3 Bg7 10. Rc1 O-O 11. h4 b6 12. b4 bxc5 13. bxc5 Qa5 14.
Qd2 Rb8 15. h5 Qa3 16. hxg6 hxg6 17. Be2 Rb2 18. Qe3 Nf6 19. Ne5 Ba6 20. g4 Rc8 21. f5 Ne4 22. Nxe4 Rxe2+ 23. Qxe2 Bxe2 24. Kxe2 dxe4 25. fxe6 Bxe5 26. exf7+ Kxf7 27. dxe5 Qf3+ 0-1

[Event "Early-Titled-Tuesday-Blitz-February-27-2024"]
[Site "Chess.com"]
[Date "2024.02.27"]
[Round "2"]
[White "malakismayil"]
[Black "Vesapesa"]
[Result "0-1"]
[WhiteElo "2659"]
[BlackElo "2242"]
[TimeControl "180+1"]
[EndTime "8:16:50 PST"]
[Termination "Vesapesa won on time"]

1. e4 e5 2. Nf3 Nc6 3. Bc4 Bc5 4. O-O Nf6 5. d3 a6 6. Nc3 d6 7. h3 Be6 8. Bb3 Qd7 9. Kh2 h6 10. Be3 Ba7 11. d4 exd4 12. Nxd4 Nxd4 13. Bxd4 Bxd4 14. Qxd4 O-O 15. Rad1 Rfe8 16. Rfe1 Bxb3 17. axb3 Qe6 18. f4 Rad8 19. Rd3 Nh5 20. Qf2 c6 21. Red1 Qf6 22. Rf3 g6 23. Rf1 Ng7 24. Kh1 Ne6 25. f5 Ng5 26. Rf4 Qe5 27. h4 Nh7 28. Qg3 g5 29.
hxg5 hxg5 30. Qg4 Kh8 31. R4f3 d5 32. exd5 cxd5 33. Rh3 Qg7 34. Qh5 Kg8 35. Ne2 Nf6 36. Qf3 g4 0-1

[Event "Early-Titled-Tuesday-Blitz-February-27-2024"]
[Site "Chess.com"]
[Date "2024.02.27"]
[Round "2"]
[White "Alex_Sahakyan2006"]
[Black "Predator0608"]
[Result "1-0"]
[WhiteElo "2853"]
[BlackElo "2582"]
[TimeControl "180+1"]
[EndTime "8:16:51 PST"]
[Termination "Alex_Sahakyan2006 won on time"]

1. Nf3 Nf6 2. b3 b6 3. Bb2 Bb7 4. c4 d5 5. e3 e6 6. Nc3 Be7 7. d4 O-O 8. Bd3 Nbd7 9. O-O c5 10. cxd5 Nxd5 11. Nxd5 Bxd5 12. Qe2 cxd4 13. Bxd4 Bf6 14. Rfd1 Bxd4 15. Nxd4 Nc5 16. Bc2 Qg5 17. e4 Bb7 18.
b4 Na6 19. a3 Rac8 20. Bd3 Nb8 21. Nf3 Qe7 22. Rac1 h6 23. Qe3 Nd7 24. Nd2 Ne5 25.
Be2 Rfd8 26. f3 Ng6 27. Nb3 Rxd1+ 28. Rxd1 Kf8 29. Bb5 Qg5 30. Qxg5 hxg5 31. Rd7 Rc3 32.
Nd4 Bc8 33. Rxa7 Nf4 34. g3 Ng6 35. Nc6 Rc1+ 36. Kf2 Rc2+ 37. Ke3 1-0

[Event "Early-Titled-Tuesday-Blitz-February-27-2024"]
[Site "Chess.com"]
[Date "2024.02.27"]
[Round "2"]
[White "PositionalPanther"]
[Black "Sajith_Peiris"]
[Result "0-1"]
[WhiteElo "2502"]
[BlackElo "2279"]
[TimeControl "180+1"]
[EndTime "8:16:51 PST"]
[Termination "Sajith_Peiris won by resignation"]

1. Nf3 Nf6 2. g3 g6 3. b3 Bg7 4. Bb2 d6 5. d4 b6 6. Bg2 Bb7 7. O-O O-O 8. c4 Nbd7 9. Nc3 Re8 10. Qd2 a6 11. d5 a5 12. e4 Nc5 13. Rfe1 Qd7 14. Qc2 e5 15. a3 Qe7 16. h3 h6 17.
Kh2 Kh7 18. Ng1 Rf8 19. b4 Ncd7 20. Nb5 Ne8 21. f4 Ba6 22. Nf3 Bxb5 23. cxb5 axb4 24. axb4 Rxa1 25. Rxa1 exf4 26. Bxg7 Nxg7 27. gxf4 Nf6 28. Nd4 Nfh5 29. Qf2 Qf6 30. Rf1 Nxf4 31. Ne2 g5 32. Nxf4 gxf4 33. Qxf4 Qxf4+ 34. Rxf4 Kg6 35. e5 dxe5 36.
Rc4 Ne8 37. Rc6+ Kg7 38. Bf3 f5 39. Bh5 f4 40. Bxe8 Rxe8 41. Rxc7+ Kf8 42. Kg2 e4 43. d6 e3 44. d7 Rd8 45. Kf3 Ke7 46. Kxf4 e2 47. Rc1 Kxd7 48. Re1 Re8 49. Kf5 Kd6 50. Kg6 Kd5 51. Kxh6 Kd4 52. Kg7 Kd3 53.
h4 Kd2 54. Rh1 e1=Q 55. Rxe1 Kxe1 56. h5 Kd2 57. h6 Kc3 58. h7 Kxb4 59. h8=Q Rxh8 60.
Kxh8 Kxb5 0-1

[Event "Early-Titled-Tuesday-Blitz-February-27-2024"]
[Site "Chess.com"]
[Date "2024.02.27"]
[Round "2"]
[White "Salem-AR"]
[Black "superchthonic"]
[Result "1-0"]
[WhiteElo "3039"]
[BlackElo "2640"]
[TimeControl "180+1"]
[EndTime "8:16:53 PST"]
[Termination "Salem-AR won by resignation"]

1. d4 d5 2. Nf3 Nf6 3. Bf4 c5 4. e3 Nc6 5. Nbd2 cxd4 6. exd4 Bf5 7. c3 e6 8. Qb3 Qc8 9. Nh4 Bg4 10.
Bd3 Be7 11. Nhf3 Bh5 12. O-O Bg6 13. Bxg6 hxg6 14. Rfe1 Qd7 15. a4 O-O 16. h4 Bd6 17. Bxd6 Qxd6 18. g3 b6 19. Kg2 Rfe8 20. Ne5 Nd7 21.
Nxd7 Qxd7 22. Nf3 f6 23. Re2 Re7 24. Rh1 Na5 25. Qc2 Kf7 26. h5 gxh5 27. Rxh5 Ree8 28. Nh4 Rg8 29. Rh7 Nc4 30. Qg6+ Kf8 31. Qxf6+ gxf6 32. Rxd7 Re8 33. Rxa7 Rg7 34. Rxg7 Kxg7 35. Nf5+ Kf7 36. b3 1-0

[Event "Early-Titled-Tuesday-Blitz-February-27-2024"]
[Site "Chess.com"]
[Date "2024.02.27"]
[Round "2"]
[White "JJDAREK"]
[Black "ansko1999"]
[Result "0-1"]
[WhiteElo "2396"]
[BlackElo "2710"]
[TimeControl "180+1"]
[EndTime "8:16:53 PST"]
[Termination "ansko1999 won by resignation"]

1. d4 Nf6 2. Nf3 d5 3. c4 e6 4. g3 Bb4+ 5. Nbd2 O-O 6. Bg2 c6 7.
Qc2 a5 8. O-O a4 9. e4 dxe4 10.
Nxe4 Nxe4 11. Qxe4 h6 12. Rd1 Nd7 13. Bf4 a3 14. b3 Nf6 15. Qc2 Qa5 16. Rac1 Rd8 17. c5 Nd5 18. Bd6 b6 19. Ne5 Bb7 20. Nc4 Qa6 21. Bxd5 exd5 22. Nxb6 Ra7 23. Bc7 Re8 24. Qf5 Qe2 25. Qd7 Ba6 26. Qxc6 Bb5 27. Qxd5 Rxc7 28. c6 Bd2 29. Qxb5 Qxb5 30. Rxd2 Qxb6 31. d5 Rd8 32. d6 Rxc6 33. Rcd1 Rcxd6 34. Rxd6 Rxd6 35. Rxd6 Qxd6 36. h4 Qd2 37. Kg2 Qxa2 38. Kf3 Qxb3+ 39. Kg2 a2 40. g4 a1=Q 41. g5 Qa8+ 42. f3 Qbxf3+ 0-1

[Event "Early-Titled-Tuesday-Blitz-February-27-2024"]
[Site "Chess.com"]
[Date "2024.02.27"]
[Round "2"]
[White "Adar_07"]
[Black "ASVZ"]
[Result "1-0"]
[WhiteElo "2803"]
[BlackElo "2557"]
[TimeControl "180+1"]
[EndTime "8:16:55 PST"]
[Termination "Adar_07 won by checkmate"]

1. e4 e6 2. d4 d5 3. Nc3 Bb4 4. exd5 Qxd5 5. Nf3 Nf6 6. Bd3 b6 7. O-O Bxc3 8. bxc3 Bb7 9. c4 Qh5 10. Ne5 Qxd1 11.
Rxd1 Nc6 12. Nxc6 Bxc6 13. d5 exd5 14. cxd5 Bxd5 15. Bb5+ c6 16. Rxd5 cxb5 17. Re5+ Kd7 18. Rg5 Rhg8 19. Bb2 Kc6 20. Bxf6 gxf6 21. Rh5 Rg7 22. Rh6 Rd8 23. Rxf6+ Rd6 24. Rxd6+ Kxd6 25. Rd1+ Kc5 26. Re1 f6 27. Re6 Rf7 28. g4 a5 29. Kg2 b4 30. h4 b5 31. Kg3 Kd5 32. Ra6 a4 33. f4 Kd4 34. Rc6 Kd5 35. Rc8 Re7 36. g5 f5 37. h5 Re3+ 38. Kf2 Rh3 39. g6 hxg6 40. hxg6 Rc3 41. Rxc3 bxc3 42. g7 b4 43.
g8=Q+ Ke4 44. Qc4# 1-0

[Event "Early-Titled-Tuesday-Blitz-February-27-2024"]
[Site "Chess.com"]
[Date "2024.02.27"]
[Round "2"]
[White "Semen16"]
[Black "JERO-8914"]
[Result "1-0"]
[WhiteElo "2726"]
[BlackElo "2438"]
[TimeControl "180+1"]
[EndTime "8:16:56 PST"]
[Termination "Semen16 won by resignation"]

1. e4 c6 2. d4 d5 3. Nc3 dxe4 4. Nxe4 Nd7 5. Nf3 Ngf6 6. Nc3 e6 7. Bf4 Bb4 8. Bd3 Nd5 9. Bd2 N7f6 10. Ne4 Nxe4 11. Bxe4 Bxd2+ 12. Qxd2 O-O 13. O-O-O Qf6 14. Kb1 b6 15.
Ne5 c5 16. Ng4 Qxd4 17. Qxd4 cxd4 18. Rxd4 f5 19. Bxd5 exd5 20. Ne3 Bb7 21. Nxd5 Rad8 22. Rhd1 Bxd5 23. Rxd5 Rxd5 24. Rxd5 Re8 25. Kc1 g6 26. Kd2 Re6 27. Rd7 a5 28. a4 Re4 29. b3 Re6 30.
Kd3 h5 31. h4 Kf8 32. g3 Ke8 33. Rb7 Rd6+ 34. Kc4 Rd2 35. c3 Rxf2 36. Rxb6 Kf7 37. b4 f4 38. gxf4 Rxf4+ 39. Kb5 axb4 40. cxb4 Rxh4 41. a5 Re4 42. a6 Re5+ 43. Kc6 Re6+ 44. Kc5 Re5+ 45. Kd4 Re2 46. Rb5 Ra2 47. Ra5 Rd2+ 48.
Ke3 Rd8 49. a7 Ra8 50. b5 h4 51. Kf3 h3 52. Kg3 g5 53. b6 g4 54. b7 Re8 55.
b8=Q 1-0

[Event "Early-Titled-Tuesday-Blitz-February-27-2024"]
[Site "Chess.com"]
[Date "2024.02.27"]
[Round "2"]
[White "MMKZH22"]
[Black "Brave_spirit12"]
[Result "1-0"]
[WhiteElo "2464"]
[BlackElo "2709"]
[TimeControl "180+1"]
[EndTime "8:16:57 PST"]
[Termination "MMKZH22 won by checkmate"]

1. Nf3 c5 2. c4 Nc6 3. d4 cxd4 4.
Nxd4 g6 5. e4 Bg7 6. Be3 Nf6 7.
Nc3 d6 8. Be2 O-O 9. O-O Bd7 10.
Qd2 Rc8 11. f3 a6 12. Rac1 e5 13. Nxc6 Bxc6 14. Rfd1 Ne8 15. c5 Bd7 16. cxd6 Rc6 17. Nd5 Nxd6 18. Rxc6 Bxc6 19. Nc3 Qc8 20. Qxd6 h5 21.
Nd5 Bxd5 22. Qxd5 h4 23. h3 Bf6 24. Rc1 Qb8 25. Bb6 Rc8 26. Rxc8+ Qxc8 27. Qc5 Qd7 28. Qd5 Qa4 29. Bc4 Qe8 30. Qxb7 Bg5 31. Bd5 Kg7 32. Qc6 Qe7 33. Bc5 Qd8 34. Qb7 Qe8 35. Qc7 Bf4 36. Qe7 Qa4 37. Qxf7+ Kh6 38. Bf8+ Kg5 39. Qe7+ Kh5 40.
Qh7+ Kg5 41. Be7# 1-0

[Event "Early-Titled-Tuesday-Blitz-February-27-2024"]
[Site "Chess.com"]
[Date "2024.02.27"]
[Round "2"]
[White "Road2GM3000"]
[Black "BogdanDeac"]
[Result "0-1"]
[WhiteElo "2432"]
[BlackElo "2993"]
[TimeControl "180+1"]
[EndTime "8:16:57 PST"]
[Termination "BogdanDeac won by resignation"]

1. d4 Nf6 2. c4 g6 3. Nc3 Bg7 4. e4 d6 5. f4 Nc6 6. Nf3 Bg4 7. Be3 O-O 8. Be2 Bxf3 9. Bxf3 e5 10. fxe5 dxe5 11.
d5 Nd4 12. O-O c5 13. Bg5 h6 14. Bh4 Qb6 15. Qd2 Qb4 16. Be2 Nxe4 17. Nxe4 Qxd2 18. Nxd2 Nxe2+ 19. Kh1 b6 20. Rae1 Nf4 21. Re3 g5 22.
Be1 f5 23. g3 Ng6 24. Nf3 e4 25.
Nd2 Ne5 26. b3 Rae8 27. Nb1 Kh7 28. Bc3 Kg6 29. Rg1 h5 30. Nd2 Ng4 31. Bxg7 Nxe3 32. Bxf8 Rxf8 33. Re1 Nc2 34. Re2 Nd4 35. Re1 Re8 36.
Kg2 e3 37. Nf3 f4 38. h4 g4 39. Nxd4 cxd4 40. gxf4 d3 0-1

[Event "Early-Titled-Tuesday-Blitz-February-27-2024"]
[Site "Chess.com"]
[Date "2024.02.27"]
[Round "2"]
[White "NtcPou"]
[Black "maroro07"]
[Result "1-0"]
[WhiteElo "2002"]
[BlackElo "2424"]
[TimeControl "180+1"]
[EndTime "8:16:57 PST"]
[Termination "NtcPou won on time"]

1. e4 c5 2. Nf3 d6 3. Bb5+ Bd7 4. Bxd7+ Qxd7 5. c4 Nc6 6. d4 cxd4 7. Nxd4 g6 8.
Nc3 Bg7 9. Be3 Nf6 10. f3 O-O 11. O-O Rac8 12. b3 b6 13. Qd2 Qb7 14. Rfd1 Nd7 15.
Nd5 Nc5 16. Rac1 Ne6 17. Ne2 Kh8 18. h4 f5 19. h5 fxe4 20. fxe4 Ne5 21. Bh6 Bxh6 22. Qxh6 Ng4 23. Qd2 gxh5 24. Rf1 Qc6 25. Ng3 Qc5+ 26. Kh1 Nf2+ 27. Kh2 Ng4+ 28. Kh1 h4 29.
Nf5 Ng7 30. Qb2 e5 31. Qe2 Nxf5 32. exf5 Nh6 33. Qh5 Ng8 34. f6 1-0

[Event "Early-Titled-Tuesday-Blitz-February-27-2024"]
[Site "Chess.com"]
[Date "2024.02.27"]
[Round "2"]
[White "Kildepiotr"]
[Black "agvega14"]
[Result "1-0"]
[WhiteElo "2674"]
[BlackElo "2219"]
[TimeControl "180+1"]
[EndTime "8:16:58 PST"]
[Termination "Kildepiotr won on time"]

1. Nf3 d5 2. g3 Nf6 3. Bg2 Bf5 4. O-O e6 5. c4 c6 6. cxd5 exd5 7. d3 Be7 8. Qb3 Qb6 9. Qc2 h6 10. Nc3 Bh7 11. e4 dxe4 12. dxe4 Nbd7 13. Be3 Qa5 14. h3 O-O 15. Nd4 Rfe8 16. f4 Bc5 17. Kh2 Rad8 18. Nb3 Qb4 19. a3 Qc4 20. Nxc5 Nxc5 21. Bxc5 Qxc5 22. Rae1 Qc4 23. Qe2 Qxe2 24. Rxe2 Rd3 25.
Rfe1 Red8 26. g4 Nd7 27. e5 Nc5 28. f5 Rd2 29. Kg3 h5 30. Bf3 hxg4 31. hxg4 g6 32.
f6 g5 33. Rxd2 Rxd2 34. Rd1 Rxd1 35. Nxd1 Nd3 36. Nf2 Nxe5 37. Nh3 Nd3 38. Nxg5 Bg6 39.
b4 1-0

[Event "Early-Titled-Tuesday-Blitz-February-27-2024"]
[Site "Chess.com"]
[Date "2024.02.27"]
[Round "2"]
[White "DAVIDHDZSTS"]
[Black "gm_rashid"]
[Result "0-1"]
[WhiteElo "1938"]
[BlackElo "2445"]
[TimeControl "180+1"]
[EndTime "8:16:58 PST"]
[Termination "gm_rashid won by checkmate"]

1. d4 Nf6 2. Nc3 c5 3. d5 d6 4. e4 g6 5. f4 Bg7 6. Nf3 O-O 7. Bd3 Nbd7 8. O-O a6 9. a4 Rb8 10. Rb1 Ne8 11. Bd2 Nc7 12. Re1 b5 13. axb5 axb5 14.
Bf1 c4 15. b4 cxb3 16. cxb3 b4 17. Ne2 Nc5 18. Qc2 Ba6 19. Ng3 Bxf1 20. Nxf1 Qd7 21. Be3 Nb5 22. Qf2 Nd3 23. Qe2 Nxe1 24. Qxe1 Nc3 25.
Ra1 Rb7 26. N1d2 Rc8 27. Ra6 Qb5 28. Ra1 Ne2+ 29. Kf2 Bxa1 30. Qxa1 Nc3 31. Bd4 Qe2+ 32. Kg3 Rbb8 33. Qa7 Nxe4+ 34. Kh3 Nxd2 35. Ba1 Nxf3 36. gxf3 Qxf3+ 37. Kh4 Qxf4+ 38. Kh3 h5 39. Kg2 Rc2+ 40. Kh3 Qg4# 0-1

[Event "Early-Titled-Tuesday-Blitz-February-27-2024"]
[Site "Chess.com"]
[Date "2024.02.27"]
[Round "2"]
[White "nekotyanof"]
[Black "MITerryble"]
[Result "0-1"]
[WhiteElo "2636"]
[BlackElo "3029"]
[TimeControl "180+1"]
[EndTime "8:16:59 PST"]
[Termination "MITerryble won by resignation"]

1. e4 e6 2. d4 d5 3. Nd2 Be7 4.
Ngf3 Nf6 5. Bd3 c5 6. exd5 Qxd5 7. dxc5 Qxc5 8. O-O Nbd7 9. Ne4 Nxe4 10. Bxe4 Nf6 11.
Be3 Qc7 12. Bd3 O-O 13. c3 b6 14. Bd4 Bb7 15. Qe2 Rad8 16. Rfe1 Nd5 17. Be4 Bf6 18. Bxd5 Bxd5 19. Bxf6 gxf6 20. Nd4 Kh8 21. Qe3 Rg8 22. f3 Rg5 23. Re2 Rdg8 24. Rc1 e5 25. Nb3 Qc4 26. Rd1 Be6 27. Nd2 Qxa2 28. Ne4 R5g6 29. b4 Qa4 30. Rd6 Qa1+ 31. Re1 Rxg2+ 32. Kh1 Qa2 33. Nd2 Bd5 34. Qh6 Qxd2 35. Qxf6+ R2g7 36. Rg1 Bxf3+ 37. Qxf3 0-1

[Event "Early-Titled-Tuesday-Blitz-February-27-2024"]
[Site "Chess.com"]
[Date "2024.02.27"]
[Round "2"]
[White "santosalberto1987"]
[Black "AlmasRakhmatullaev"]
[Result "0-1"]
[WhiteElo "2569"]
[BlackElo "2833"]
[TimeControl "180+1"]
[EndTime "8:16:59 PST"]
[Termination "AlmasRakhmatullaev won by resignation"]

1. e4 e5 2. Nf3 Nc6 3. Bc4 Nf6 4. d3 h6 5. c3 d6 6. Nbd2 g6 7. Bb3 Bg7 8. Nc4 O-O 9. O-O Be6 10.
Ne3 d5 11. exd5 Nxd5 12. Nxd5 Bxd5 13. Re1 Re8 14. Be3 Qd7 15. Bxd5 Qxd5 16. d4 exd4 17. Nxd4 Nxd4 18. cxd4 Rad8 19. Qd2 h5 20. h3 c5 21. dxc5 Qxd2 22. Bxd2 Rxe1+ 23. Bxe1 Bxb2 24. Rb1 Be5 25. Kf1 Rd7 26. Ke2 f5 27. Bd2 Kf7 28. Be3 Ke6 29. a4 Kd5 30. Kd3 f4 31. Bd2 Kxc5+ 32. Kc2 Kc6 33. Rb5 Rd5 34. Rb4 Bd6 35. Re4 g5 36. h4 gxh4 37. Bxf4 Bc5 38. Be3 Bxe3 39. fxe3 Rg5 40.
Rxh4 Rxg2+ 41. Kd3 Rg5 42. e4 Kd6 43. Kd4 Ke6 44.
Rh1 b6 45. Rc1 Ra5 46. Rc4 h4 47. Ke3 h3 48. Rc6+ Kd7 49. Rh6 Rxa4 50. Kf4 Ra3 51. e5 b5 52. Rh7+ Ke6 53. Rh6+ Kf7 54. Kf5 b4 55.
e6+ Kg7 56. Rg6+ Kh7 57. Rg1 Re3 58. Kf6 Rf3+ 59. Ke5 a5 60. e7 Re3+ 61. Kf6 Kh6 62. Rg3 Rxg3 63. e8=Q Rf3+ 0-1

[Event "Early-Titled-Tuesday-Blitz-February-27-2024"]
[Site "Chess.com"]
[Date "2024.02.27"]
[Round "2"]
[White "talaicito"]
[Black "Triumphmate"]
[Result "0-1"]
[WhiteElo "2283"]
[BlackElo "2525"]
[TimeControl "180+1"]
[EndTime "8:16:59 PST"]
[Termination "Triumphmate won on time"]

1. d4 d5 2. Bf4 e6 3. Nc3 f5 4. Nb5 Na6 5. e3 c6 6. Nc3 Nb8 7. Nf3 Bd6 8. Bxd6 Qxd6 9. Ne5 Nf6 10. Bd3 O-O 11. g4 Nbd7 12. f4 Ne4 13. gxf5 exf5 14. Nxe4 fxe4 15. Be2 Nxe5 16. dxe5 Qh6 17. O-O Bh3 18.
Rf2 Rad8 19. Kh1 d4 20. Bc4+ Kh8 21. Qe2 b5 22. Bb3 c5 23. e6 Bxe6 24. Bxe6 Qxe6 25.
Rd1 dxe3 26. Rxd8 Rxd8 27. Qxe3 Qg4 28. Rf1 Rd1 29. Rxd1 Qxd1+ 30. Kg2 Qxc2+ 31. Kg3 Qd3 32. Kf2 Qd4 33. Ke2 Qxb2+ 34. Kd1 Qb1+ 35. Ke2 Qxa2+ 0-1